 Dungeon Crawl Stone Soup version 0.21.1-1-g345015f (webtiles) character file.

1424 joklet the Thaumaturge (level 8, -4/41 HPs)
             Began as a Deep Elf Conjurer on Mar 15, 2018.
             Was a Follower of Vehumet.
             Shot with an arrow by a centaur (11 damage)
             ... on level 6 of the Dungeon.
             The game lasted 00:13:29 (4842 turns).

joklet the Thaumaturge (Deep Elf Conjurer)          Turns: 4842, Time: 00:13:30

Health: -4/41      AC:  3    Str:  5    XL:     8   Next: 44%
Magic:  26/26      EV: 13    Int: 23    God:    Vehumet [*.....]
Gold:   282        SH:  0    Dex: 15    Spells: 17/32 levels left

rFire    . . .     SeeInvis .   y - +0 long sword (holy)
rCold    . . .     Gourm    .   (no shield)
rNeg     . . .     Faith    .   a - +0 robe
rPois    .         Spirit   .   (no helmet)
rElec    .         Reflect  .   q - +0 cloak
rCorr    .         Harm     .   (no gloves)
MR       .....                  (no boots)
Stlth    +++.......             (no amulet)
HPRegen  0.13/turn              s - ring of stealth
MPRegen  0.20/turn              (no ring)

@: no status effects
A: no striking features
a: Renounce Religion


You were on level 6 of the Dungeon.
You worshipped Vehumet.
Vehumet was aware of your devotion.
You were not hungry.

You visited 2 branches of the dungeon, and saw 7 of its levels.

You collected 282 gold pieces.

Inventory:

Hand Weapons
 l - a +0 short sword
 y - a +0 long sword of holy wrath (weapon)
Armour
 a - a +0 robe (worn)
 q - a +0 cloak (worn)
Jewellery
 s - a ring of stealth (left hand)
Wands
 t - a wand of flame (15)
 A - a wand of paralysis (12)
Scrolls
 d - 5 scrolls of blinking {unknown}
 f - a scroll of random uselessness {unknown}
 g - 3 scrolls of teleportation {unknown}
 h - 4 scrolls of enchant armour {unknown}
 j - 2 scrolls of enchant weapon {unknown}
 k - 3 scrolls of remove curse {unknown}
 m - a scroll of amnesia {unknown}
 p - 4 scrolls of identify {unknown}
 u - a scroll of magic mapping {unknown}
 E - a scroll of immolation {unknown}
Potions
 e - a potion of invisibility {unknown}
 i - 2 potions of might
 n - a potion of haste {unknown}
 o - 2 potions of lignification {unknown}
 r - a potion of mutation {unknown}
 v - 3 potions of curing {unknown}
 w - a potion of magic {unknown}
 x - 3 potions of ambrosia {unknown}
 B - a potion of resistance {unknown}
 C - 3 potions of flight {unknown}
 D - a potion of heal wounds {unknown}
 F - a potion of cancellation {unknown}
Books
 b - a book of Conjurations

   Spells                             Type                      Level
   a - Magic Dart                     Conjuration                  1
   b - Searing Ray                    Conjuration                  2
   c - Dazzling Spray                 Conjuration/Hexes            3
   d - Fulminant Prism                Conjuration/Hexes            4
   e - Force Lance                    Conjuration/Translocation    4
   f - Iskenderun's Mystic Blast      Conjuration                  4
Comestibles
 c - 11 rations
 z - 2 chunks of flesh


   Skills:
 - Level 2.4 Dodging
 - Level 2.5 Stealth
 * Level 12.6 Spellcasting
 - Level 6.0 Conjurations


You had 17 spell levels left.
You knew the following spells:

 Your Spells              Type           Power        Failure   Level  Hunger
a - Magic Dart            Conj           ####         1%          1    None
b - Searing Ray           Conj           #####.       1%          2    None
c - Dazzling Spray        Conj/Hex       ####..       3%          3    None
d - Iskenderun's Mystic   Conj           #####...     3%          4    None
e - Force Lance           Conj/Tloc      ####....     12%         4    None
f - Shock                 Conj/Air       ####         1%          1    None


Dungeon Overview and Level Annotations

Branches:
Dungeon (6/15)             Temple (1/1) D:5

Altars:
Ashenzari
Cheibriados
Dithmenos
Elyvilon
Fedhas
Gozag
Hepliaklqana
Kikubaaqudgha
Makhleb
Nemelex Xobeh
Okawaru
Qazlal
Ru
Sif Muna
Trog
Uskayaw
Vehumet
Xom
Yredelemnul
Zin
The Shining One

Shops:
D:4 *


Message History

You now have 275 gold pieces (gained 3).
Found a quarterstaff.
Found a twisted glowing staff.
Found an iron altar of Okawaru.
You now have 282 gold pieces (gained 7).
F - a golden potion
i - 2 potions of might (gained 1)
A slave comes into view.
Found a stone staircase leading down.
A centaur comes into view.
The centaur shouts!
The centaur wields a shortbow.
The centaur shoots an arrow.
The arrow hits you!
You see here an arrow.
The centaur shoots an arrow.
The arrow hits you!
You see here an arrow.
The centaur shoots an arrow.
The arrow hits you!
* * * LOW HITPOINT WARNING * * *
The centaur shoots an arrow.
The arrow barely misses you.
You see here 2 arrows.
The centaur shoots an arrow.
The arrow hits you!
You die...

######### #.......#
#.|.....# #####
###..._...###...########
........................
.......@..(.((..........
##########......########
#....c.# ##..<...##
#####.........
#.)............
#.###....[......
#<............
###.########


You could see a centaur.

Vanquished Creatures
  Sigmund (D:2)
  Edmund (D:5)
  An ice beast (D:5)
  4 ogres
  A sky beast (D:5)
  A scorpion (D:4)
  A jelly (D:5)
  3 orc priests
  2 hounds
  An iguana (D:5)
  2 orc wizards (D:4)
  3 worker ants
  A hound skeleton (D:5)
  3 gnolls (D:5)
  12 adders
  A shadow imp (D:5)
  An ooze (D:3)
  2 adder zombies (D:5)
  4 worms
  4 leopard geckos
  9 orcs
  5 giant cockroaches
  8 goblins
  6 hobgoblins
  4 jackals (D:2)
  7 kobolds
  A quokka (D:3)
  3 ball pythons
  8 bats
  3 frilled lizards
  2 rats
105 creatures vanquished.

Notes
Turn   | Place    | Note
-------+----------+-------------------------------------------
     0 | D:1      | joklet the Deep Elf Conjurer began the quest for the Orb.
     0 | D:1      | Reached XP level 1. HP: 10/10 MP: 6/6
   144 | D:1      | Reached XP level 2. HP: 15/15 MP: 3/8
   148 | D:1      | Learned a level 2 spell: Searing Ray
   386 | D:1      | Reached skill level 4 in Spellcasting
   699 | D:2      | Reached XP level 3. HP: 17/19 MP: 5/10
   752 | D:2      | Found a glowing golden altar of the Shining One.
  1052 | D:2      | Reached skill level 5 in Spellcasting
  1060 | D:2      | Reached skill level 5 in Conjurations
  1090 | D:2      | Noticed Sigmund
  1116 | D:2      | Killed Sigmund
  1116 | D:2      | Reached skill level 6 in Spellcasting
  1116 | D:2      | Reached XP level 4. HP: 17/24 MP: 3/14
  1116 | D:2      | Reached XP level 5. HP: 20/28 MP: 3/16
  1241 | D:2      | Reached skill level 7 in Spellcasting
  1283 | D:2      | Reached XP level 6. HP: 24/32 MP: 13/18
  1675 | D:3      | Learned a level 3 spell: Dazzling Spray
  1680 | D:3      | Learned a level 4 spell: Iskenderun's Mystic Blast
  1685 | D:3      | Learned a level 4 spell: Force Lance
  2234 | D:3      | Found a shadowy altar of Dithmenos.
  2243 | D:3      | Found a basalt altar of Yredelemnul.
  2385 | D:4      | Reached skill level 8 in Spellcasting
  2636 | D:4      | Reached skill level 9 in Spellcasting
  2636 | D:4      | Reached XP level 7. HP: 28/36 MP: 12/21
  2858 | D:4      | Found a shadowy altar of Dithmenos.
  2950 | D:4      | Found Haawnol's Serpentskin Sales.
  2972 | D:4      | Reached skill level 10 in Spellcasting
  3215 | D:5      | Entered Level 5 of the Dungeon
  3310 | D:5      | Found a staircase to the Ecumenical Temple.
  3324 | Temple   | Entered the Ecumenical Temple
  3476 | Temple   | Became a worshipper of Vehumet
  3608 | D:5      | Reached skill level 11 in Spellcasting
  3721 | D:5      | Found an iron altar of Okawaru.
  3810 | D:5      | Noticed Edmund
  3815 | D:5      | Killed Edmund
  3815 | D:5      | Reached XP level 8. HP: 41/41 MP: 6/25
  4027 | D:5      | Found a stormy altar of Qazlal.
  4038 | D:5      | Noticed an air elemental
  4334 | D:5      | Reached skill level 12 in Spellcasting
  4524 | D:5      | Reached * piety under Vehumet
  4524 | D:5      | Offered knowledge of Shock by Vehumet.
  4527 | D:5      | Learned a level 1 spell: Shock
  4802 | D:6      | Found an iron altar of Okawaru.
  4842 | D:6      | Shot with an arrow by a centaur

Skill      XL: |  1  2  3  4  5  6  7  8 |
---------------+-------------------------+-----
Spellcasting   | 4 6 7 9 11 12 | 12.6
Conjurations   | 5 6 |  6.0
Dodging        | |  2.4
Stealth        | |  2.5

Action                   |  1- 3 |  4- 6 |  7- 9 || total
-------------------------+-------+-------+-------++-------
Melee: Short sword       |     6 |    36 |       ||    42
       Long sword        |       |       |     4 ||     4
 Cast: Magic Dart        |    49 |    50 |    44 ||   143
       Searing Ray       |     5 |    12 |     7 ||    24
       Dazzling Spray    |       |     2 |       ||     2
       Iskenderun's Myst |       |       |    29 ||    29
  Eat: Chunk             |       |     5 |     7 ||    12
Armor: Robe              |     3 |     6 |     3 ||    12
Dodge: Dodged            |     9 |    40 |    21 ||    70
       Rpst.: Long sword |       |       |     6 ||     6
